 Dungeon Sprint DCSS version 0.29.1-13-g9f3cf754e1 (webtiles) character file.

Game seed: 10712974456745026279

11199 sanboga the Merfolkian Blade (level 11, -7/99 HPs)
             Began as a Merfolk Fighter on Jan 23, 2023.
             Was the Champion of Trog.
             Mangled by a merfolk impaler
             ... wielding a +0 trident of flaming
              (12 damage)
             ... in the Dungeon (Sprint V: "Ziggurat Sprint").
             The game lasted 00:05:15 (1809 turns).

sanboga the Merfolkian Blade (Merfolk Fighter)      Turns: 1809, Time: 00:05:15

Health: -7/99      AC: 39    Str: 18    XL:     11   Next: 74%
Magic:  7/11       EV: 19    Int:  4    God:    Trog [******]
Gold:   0          SH:  0    Dex: 23    Spells: 10/10 levels left

rFire   + . .      SeeInvis .   a - +11 plutonium sword {Contam Stlth-}
rCold   . . .      Faith    .   (shield currently unavailable)
rNeg    . . .      Spirit   .   r - +15 Maxwell's patent armour {-Cast -Tele rElec Will+ rCorr}
rPois   .          Reflect  .   b - +1 helmet of True Grit {Slay+5}
rElec   +          Harm     .   c - +2 cloak {Stlth+}
rCorr   +          Rampage  .   m - +1 pair of gloves {infuse}
Will    +....      NoTele   +   (boots currently unavailable)
Stlth   .......... NoCast   +   (no amulet)
HPRegen 0.26/turn               n - +6 ring of dexterity
MPRegen 0.12/turn               t - ring "Roekipn" {+Blink rF+ Int-3 Slay+3}

@: on berserk cooldown, slowed, studying 2 skills, quick
A: nimble swimmer 2, mertail
a: Renounce Religion, Evoke Blink, Berserk, Trog's Hand, Brothers in Arms


You were in the Dungeon.
You worshipped Trog.
Trog was exalted by your worship.
You visited 1 branch

Inventory:

Hand Weapons
 a - the +11 plutonium sword (weapon) {Contam Stlth-}
   (You found it in the Dungeon)

   It occasionally inflicts wild transmutation effects on those it strikes,
   inflicting malmutation or extra damage, or polymorphing them into a new form.
   Contam:    It causes magical contamination when unequipped.
   Stlth:     It makes you less stealthy.
Armour
 b - the +1 helmet of True Grit (worn) {Slay+5}
   (You found it in the Dungeon)

   Slay:      It affects your accuracy & damage with ranged weapons and melee
   (+5).
 c - a +2 cloak of stealth (worn)
 m - a +1 pair of gloves of infusion (worn)
 r - the +15 Maxwell's patent armour (worn) {-Cast -Tele rElec Will+ rCorr}
   (You found it in the Dungeon)

   rElec:     It insulates you from electricity.
   -Cast:     It prevents spellcasting.
   -Tele:     It prevents most forms of teleportation.
   rCorr:     It protects you from acid and corrosion.
   Will:      It increases your willpower.
Jewellery
 n - a +6 ring of dexterity (left hand)
 t - the ring "Roekipn" (right hand) {+Blink rF+ Int-3 Slay+3}
   (You found it in the Dungeon)

   [ring of protection from fire]

   Int:       It affects your intelligence (-3).
   Slay:      It affects your accuracy & damage with ranged weapons and melee
   (+3).
   rF:        It protects you from fire.
   +Blink:    It lets you blink.
Wands
 x - a wand of mindburst (7)
 y - a wand of quicksilver (7)
Scrolls
 j - 4 scrolls of blinking
 o - 7 scrolls of fog
 p - 5 scrolls of identify
 q - 2 scrolls of fear
Potions
 d - 6 potions of might
 e - 10 potions of curing
 f - 9 potions of heal wounds
 g - 6 potions of haste
 h - 7 potions of magic
 i - 3 potions of berserk rage
 k - 2 potions of invisibility
 l - 4 potions of resistance


   Skills:
 + Level 13.9 Fighting
 * Level 21.9 Long Blades
 + Level 12.1 Armour
 + Level 17.2 Dodging
 - Level 3.0 Shields


You had 10 spell levels left.
You didn't know any spells.
Your spell library was empty.

Dungeon Overview and Level Annotations

Branches:
Dungeon (1/1)

Altars:
Ashenzari
Cheibriados
Dithmenos
Elyvilon
Fedhas
Gozag
Hepliaklqana
Kikubaaqudgha
Makhleb
Nemelex Xobeh
Okawaru
Qazlal
Ru
Sif Muna
Trog
Uskayaw
Vehumet
Wu Jian
Xom
Yredelemnul
Zin
The Shining One
Jiyva
Lugonu


Innate Abilities, Weirdness & Mutations

You are very nimble when in or above water. (Stealth+, EV+, Speed+++)
Your lower body shifts to a powerful aquatic tail in water.


Message History

You chop the merfolk aquamancer into pieces!!!
You kill the merfolk aquamancer!
Trog accepts your kill.
Trog appreciates your killing of a magic user.
You hear a splash. x2
The merfolk javelineer misses you.
The merfolk impaler hits you but does no damage.
The sea snake bites you but does no damage.
The merfolk javelineer throws a javelin.
The javelin misses you.
Your Armour skill increases to level 12!
Your Dodging skill increases to level 17!
You barely miss the merfolk aquamancer. You tail-slap the merfolk aquamancer.
The merfolk aquamancer is severely wounded.
The merfolk javelineer barely misses you.
The merfolk aquamancer barely misses you.
The merfolk impaler completely misses you.
You chop the merfolk aquamancer into pieces!!!
You kill the merfolk aquamancer!
Trog accepts your kill.
Trog appreciates your killing of a magic user.
You hear a splash. x2
You are no longer berserk.
You are exhausted.
You feel yourself slow down. The sea snake barely misses you.
The merfolk javelineer throws a javelin.
The javelin pierces through you.
* * * LOW HITPOINT WARNING * * *
The merfolk javelineer hits you but does no damage.
The merfolk impaler hits you from afar with a +0 trident of flaming!
* * * LOW HITPOINT WARNING * * *
The merfolk impaler burns you.
* * * LOW HITPOINT WARNING * * *
You cannot blink because you are wearing the +15 Maxwell's patent armour {-Cast -Tele rElec Will+ rCorr}.
You hit the sea snake.
Mutagenic energy flows through the plutonium sword!
The sea snake evaporates and reforms as a swamp worm!
The merfolk javelineer hits you but does no damage.
The merfolk impaler hits you from afar with a +0 trident of flaming!
You die...

▓.~.8©8..~▓...8©8...▓.
▓..~}:)}~.▓..}|=:)..▓.
▓..:[)):..▓..::))|..▓.
▓....~...~▓.........▓.
▓.~.~....~▓.........▓.
▓~.m~~~~..▓.........▓.
▓....m~~..▓.........▓.
▓~~.~wmm~~▓.........▓.
▓~~.~@)...▓.▓.....▓.▓.
▓~.~.©.~..▓....©....▓▓
▓▓▓▓▓▓▓▓▓▓▓▓▓▓▓▓▓▓▓▓▓


You could see a merfolk impaler, 2 merfolk javelineers, a water nymph and a
swamp worm.

Vanquished Creatures
  A titan (D)
  A wendigo (D)
  3 merfolk aquamancers (D)
  2 spriggans (D)
  A sea snake (D)
  3 ugly things (D)
  2 manticores (D)
  A tormentor (D)
  A freezing wraith (D)
  A meliai (shapeshifter) (D)
  A hornet (shapeshifter) (D)
  3 wind drakes (D)
  2 merfolk (D)
  2 hornets (D)
  A fire elemental (D)
  A steam dragon (D)
  3 nagas (D)
  A water moccasin (D)
  2 hell hounds (D)
  A swamp drake (D)
  11 black bears (D)
  2 wolves (D)
  2 centaurs (D)
  A phantom (D)
  A necrophage (D)
  A wight (D)
  An iron imp (D)
  2 iguanas (D)
  2 adders (D)
  A river rat (D)
  A shadow imp (D)
  2 adder zombies (D)
  An adder skeleton (D)
  2 ball pythons (D)
  A bat skeleton (D)
  A bat simulacrum (D)
  A quokka simulacrum (D)
66 creatures vanquished.

Vanquished Creatures (others)
  An adder simulacrum (D)
  A ball python simulacrum (D)
  A bat simulacrum (D)
  A quokka simulacrum (D)
  2 fire vortices (D)
6 creatures vanquished.

Grand Total: 72 creatures vanquished

Notes
Turn   | Place    | Note
-------+----------+-------------------------------------------
     0 | D        | sanboga the Merfolk Fighter began the quest for the Orb.
     0 | D        | Reached XP level 1. HP: 18/18 MP: 1/1
    10 | D        | Found a shimmering blue altar of Sif Muna.
    10 | D        | Found a bloodstained altar of Trog.
    10 | D        | Found a sacrificial altar of Ru.
    10 | D        | Found a stormy altar of Qazlal.
    10 | D        | Found an iron altar of Okawaru.
    11 | D        | Found a sparkling altar of Nemelex Xobeh.
    11 | D        | Found a blossoming altar of Fedhas.
    11 | D        | Found the +6 Majin-Bo {vamp, MP+6 Int+6}
    11 | D        | Found the +9 heavy crossbow "Sniper" {vorpal, Acc+∞ SInv}
    11 | D        | Found the +10 dark maul {vorpal}
    11 | D        | Found the +15 Maxwell's patent armour {-Cast -Tele rElec
                  | Will+ rCorr}
    11 | D        | Found the +18 shield of the Gong {rElec rN+ Will+ EV-5}
    11 | D        | Found the +14 obsidian axe {vorpal, Mesm Drain Fly SInv}
    11 | D        | Found the +7 great mace "Firestarter" {inner flame, rF++}
    11 | D        | Found the +6 shillelagh "Devastator" {shatter}
    11 | D        | Found the +11 plutonium sword {Contam Stlth-}
    11 | D        | Found the +8 lance "Wyrmbane" {slay drac, rPois rF+ rC+
                  | AC+3}
    11 | D        | Found the +9 sword of Zonguldrok {reap}
    11 | D        | Found the +13 scythe of Curses {drain, Drain}
    11 | D        | Found the +5 sword of Power {vorpal}
    11 | D        | Found the +7 mace of Variability {chain chaos}
    11 | D        | Found the +7 Singing Sword {vorpal, sonic wave}
    11 | D        | Found the +8 storm bow {elec, penet}
    13 | D        | Found a transporter.
    13 | D        | Found an ancient bone altar of Kikubaaqudgha.
    13 | D        | Found a viscous altar of Jiyva.
    13 | D        | Found a corrupted altar of Lugonu.
    13 | D        | Found a hazy altar of Hepliaklqana.
    13 | D        | Found a burning altar of Makhleb.
    13 | D        | Found an opulent altar of Gozag.
    74 | D        | Became a worshipper of Trog the Wrathful
    93 | D        | Entered arena 2.
    93 | D        | Found the +5 glaive of the Guard {elec, spectral, AC+5}
    93 | D        | Noticed a steam dragon
    93 | D        | Noticed a swamp drake
    93 | D        | Found a transporter.
    95 | D        | Killed a swamp drake
    96 | D        | Reached skill level 5 in Fighting
    96 | D        | Reached skill level 7 in Long Blades
    96 | D        | Reached XP level 2. HP: 14/27 MP: 2/2
    96 | D        | Reached XP level 3. HP: 17/33 MP: 3/3
    96 | D        | Reached XP level 4. HP: 20/39 MP: 4/4
    98 | D        | Killed a steam dragon
    99 | D        | Reached skill level 9 in Long Blades
    99 | D        | Reached XP level 5. HP: 24/47 MP: 5/5
   251 | D        | Entered arena 3.
   251 | D        | Found a transporter.
   255 | D        | Reached * piety under Trog
   256 | D        | Reached XP level 6. HP: 41/53 MP: 6/6
   375 | D        | Entered arena 4.
   375 | D        | Noticed a hell hound
   375 | D        | Noticed a fire elemental
   375 | D        | Found a transporter.
   376 | D        | Reached skill level 13 in Long Blades
   376 | D        | Reached skill level 10 in Dodging
   376 | D        | Reached XP level 7. HP: 60/60 MP: 7/7
   380 | D        | Reached ** piety under Trog
   381 | D        | Reached skill level 5 in Armour
   381 | D        | Killed a fire elemental
   382 | D        | Reached skill level 14 in Long Blades
   644 | D        | Got the +1 helmet of True Grit {Slay+5}
   652 | D        | Entered arena 5.
   652 | D        | Found a transporter.
   658 | D        | Reached XP level 8. HP: 68/68 MP: 8/8
   662 | D        | Reached *** piety under Trog
   680 | D        | Entered arena 6.
   680 | D        | Noticed a cyan ugly thing
   680 | D        | Noticed a green ugly thing
   680 | D        | Noticed a purple ugly thing
   680 | D        | Found a transporter.
   683 | D        | Noticed a meliai
   683 | D        | a black bear changed into a meliai
   684 | D        | Killed a purple ugly thing
   685 | D        | Reached skill level 15 in Long Blades
   692 | D        | Killed a meliai
   696 | D        | Killed a purple ugly thing
   696 | D        | Reached **** piety under Trog
   697 | D        | Reached skill level 16 in Long Blades
   697 | D        | Reached XP level 9. HP: 48/77 MP: 5/9
   698 | D        | Noticed a hornet
   698 | D        | a golden eye changed into a hornet
   705 | D        | Killed a hornet
   711 | D        | Killed a purple ugly thing
   712 | D        | Reached skill level 10 in Fighting
   712 | D        | Reached skill level 17 in Long Blades
   875 | D        | Entered arena 7.
   875 | D        | Noticed a spriggan rider
   876 | D        | Found a transporter.
   880 | D        | Killed a spriggan rider
   880 | D        | Killed a hornet
   881 | D        | Reached ***** piety under Trog
   882 | D        | Reached XP level 10. HP: 86/86 MP: 8/10
   885 | D        | Reached skill level 18 in Long Blades
   890 | D        | Received a gift from Trog
   931 | D        | Entered arena 8.
   932 | D        | Found a transporter.
   948 | D        | Received a gift from Trog
   955 | D        | Got the ring "Roekipn" {+Blink rF+ Int-3 Slay+3}
   965 | D        | Entered arena 9.
   966 | D        | Found a transporter.
   986 | D        | Reached skill level 19 in Long Blades
   986 | D        | Received a gift from Trog
  1024 | D        | Got the ring of Traps {rElec rN+ Int+2 SInv}
  1223 | D        | Entered arena 10.
  1224 | D        | Found a transporter.
  1230 | D        | Reached skill level 15 in Dodging
  1234 | D        | Reached ****** piety under Trog
  1238 | D        | Received a gift from Trog
  1295 | D        | Entered arena 11.
  1295 | D        | Noticed a spriggan rider
  1296 | D        | Found a transporter.
  1310 | D        | Reached skill level 10 in Armour
  1318 | D        | Received a gift from Trog
  1321 | D        | Reached skill level 20 in Long Blades
  1321 | D        | Reached XP level 11. HP: 63/96 MP: 4/11
  1437 | D        | Entered arena 12.
  1437 | D        | Noticed a wendigo
  1437 | D        | Noticed a titan
  1443 | D        | Found a transporter.
  1451 | D        | Killed a wendigo
  1452 | D        | Killed a titan
  1456 | D        | Reached skill level 21 in Long Blades
  1786 | D        | Entered arena 13.
  1786 | D        | Noticed a merfolk javelineer
  1786 | D        | Noticed a manticore
  1786 | D        | Noticed a merfolk impaler
  1786 | D        | Noticed a manticore
  1786 | D        | Noticed a sea snake
  1786 | D        | Noticed a sea snake
  1786 | D        | Noticed a merfolk aquamancer
  1786 | D        | Noticed a merfolk aquamancer
  1787 | D        | Noticed a merfolk aquamancer
  1787 | D        | Noticed a merfolk javelineer
  1793 | D        | Killed a sea snake
  1795 | D        | Killed a manticore
  1797 | D        | Killed a manticore
  1797 | D        | Received a gift from Trog
  1803 | D        | Killed a merfolk aquamancer
  1806 | D        | Killed a merfolk aquamancer
  1808 | D        | Killed a merfolk aquamancer
  1808 | D        | HP: 4/99 [merfolk impaler/+0 trident of flaming (1)]
  1809 | D        | a sea snake changed into a swamp worm
  1809 | D        | Mangled by a merfolk impaler

Illustrated notes

Levels and vault maps discovered:
D:        sprint_v [room_start, room_1, room_2, room_3, room_4, room_5, room_6,
          room_7, room_8, room_9, room_10, room_11, room_12, room_13, room_14,
          room_15, room_16, room_17, room_18, room_19, room_20, room_21,
          room_22, room_23, room_24, room_25, room_26, room_27]

Skill      XL: |  1  2  3  4  5  6  7  8  9 10 11 |
---------------+----------------------------------+-----
Fighting       | 5 6 7 9 10 12 13 | 13.9
Long Blades    | 7 9 13 14 16 17 20 21 | 21.9
Armour         | 3 4 5 6 8 10 12 | 12.1
Dodging        | 4 6 10 11 12 13 15 17 | 17.2
Shields        | |  3.0

Action                   |  1- 3 |  4- 6 |  7- 9 | 10-12 || total
-------------------------+-------+-------+-------+-------++-------
Melee: Triple sword      |     1 |    10 |    37 |   104 ||   152
       Tailslap          |       |       |       |     5 ||     5
Invok: Berserk           |       |       |     2 |     5 ||     7
  Use: Potion            |       |     1 |     1 |       ||     2
Armor: Plate armour      |     1 |    10 |    44 |   152 ||   207
Dodge: Dodged            |     1 |     5 |    41 |   191 ||   238
